 Dungeon Crawl Stone Soup version 0.25.0-26-g0c896c7088 (webtiles) character file.

Game seed: 2670167227856807413

214 Ethylacetat the Stinger (level 5, -2/42 HPs)
             Began as a Naga Venom Mage on July 4, 2020.
             Was a Follower of Cheibriados.
             Slain by an adder (5 damage)
             ... on level 4 of the Dungeon.
             The game lasted 00:17:57 (2494 turns).

Ethylacetat the Stinger (Naga Venom Mage)           Turns: 2494, Time: 00:17:59

Health: -2/42      AC:  2    Str: 14    XL:     5   Next: 91%
Magic:  7/9        EV: 10    Int: 17    God:    Cheibriados [*.....]
Gold:   171        SH:  0    Dex: 13    Spells: 8/9 levels left

rFire    . . .     SeeInvis +   (no weapon)
rCold    . . .     Gourm    .   (no shield)
rNeg     . . .     Faith    .   a - +0 robe
rPois    +         Spirit   .   (no helmet)
rElec    .         Reflect  .   (no cloak)
rCorr    .         Harm     .   (no gloves)
MR       +....                  (no barding)
Stlth    ++........             (no amulet)
HPRegen  0.14/turn              i - ring of protection from magic
MPRegen  0.11/turn              (no ring)

@: very slow
A: large, see invisible, deformed body, poison resistance, slowness 2, slow
metabolism 1, spit poison 1, AC +1
a: Spit Poison, Bend Time, Renounce Religion


You were on level 4 of the Dungeon.
You worshipped Cheibriados.
Cheibriados was aware of your devotion.
You were hungry.

You visited 1 branch of the dungeon, and saw 4 of its levels.

You collected 171 gold pieces.

Inventory:

Armour
 a - a +0 robe (worn)
Jewellery
 i - a ring of protection from magic (left hand)
Scrolls
 b - 2 scrolls of magic mapping {unknown}
 f - 3 scrolls of teleportation {unknown}
 g - 10 scrolls of identify {unknown}
 h - a scroll of noise {unknown}
 j - 2 scrolls of amnesia {unknown}
 k - 2 scrolls of enchant armour {unknown}
Potions
 l - 3 potions of curing {unknown}
 m - a potion of invisibility {unknown}
 n - a potion of heal wounds {unknown}
 o - 2 potions of berserk rage {unknown}
 p - a potion of magic {unknown}
Comestibles
 c - 6 rations


   Skills:
 - Level 1.5 Dodging
 - Level 3.0 Stealth
 + Level 2.9 Spellcasting
 * Level 3.5 Transmutations
 * Level 6.1 Poison Magic


You had 8 spell levels left.
You knew the following spells:

 Your Spells              Type           Power        Failure   Level  Hunger
a - Sting                 Tmut/Pois      ###.         2%          1    None

Your spell library contained the following spells:

 Spells                   Type           Power        Failure   Level  Hunger
 Poisonous Vapours        Pois/Air       ##....       8%          2    ##.....
 Ignite Poison            Fire/Tmut/Pois ##......     14%         3    ###....
 Olgreb's Toxic Radiance  Pois           ###.....     14%         4    ####...
 Mephitic Cloud           Conj/Pois/Air  #.......     22%         3    ###....


Dungeon Overview and Level Annotations

Branches:
Dungeon (4/15)
 Temple: D:4-7

Altars:
Cheibriados
Nemelex Xobeh
Uskayaw
Vehumet

Annotations:
D:4 Edmund, Natasha


Innate Abilities, Weirdness & Mutations

You cannot wear boots.
Your serpentine skin is tough. (AC +1)
You have supernaturally acute eyesight. (SInv)
Armour fits poorly on your strangely shaped body.
Your system is resistant to poisons. (rPois)
You cover ground very slowly.
You have a slow metabolism.
You can spit poison.


Message History

Casting: Sting (safe; 2% risk of failure)
Confirm with . or Enter, or press ? or * to list all spells.
Aiming: Sting (safe; 2% risk of failure)
Press: ? - help, Shift-Dir - straight line, f/p - adder
Aim: an adder The sting hits the adder.
The adder is poisoned.
The adder is lightly wounded.
The adder bites you.
* * * LOW HITPOINT WARNING * * *
It was a potion of lignification.
You turn into a tree.
Your +0 robe melds into your body.
Your roots penetrate the ground.
The adder bites you but does no damage. x2
It was a potion of cancellation.
Your magical effects are unravelling.
You feel magically purged.
You feel less wooden.
Your +0 robe unmelds from your body.
Natasha mumbles some strange words.
The adder bites you.
You die...

####### #.....#
#############'#### ###
.........#...§§§.# ....
...##....#.§≈.≈≈.# ....#
._.......#.§.≈§§@##.....#
.....)...'.)≈§≈..Sh.....#
.........#.≈.≈.≈.#5.5...#
.⌠.......#.≈≈.≈§.#..^...#
.......###.......#......#
..._..#######+####.......
........?... ....##.
...##...#### #####
+..##...#


You could see Natasha, 2 crimson imps and an adder (poisoned).

Vanquished Creatures
  An orc wizard (D:4)
  A worker ant (D:3)
  6 adders
  An ooze (D:3)
  2 worms
  2 dart slugs (D:1)
  4 leopard geckos
  5 orcs
  5 giant cockroaches
  10 goblins
  10 hobgoblins
  9 jackals
  4 quokkas
  7 bats
  5 frilled lizards
  A giant cockroach zombie (D:4)
  5 kobolds
  5 rats
83 creatures vanquished.

Notes
Turn   | Place    | Note
-------+----------+-------------------------------------------
     0 | D:1      | Ethylacetat the Naga Venom Mage began the quest for the
                  | Orb.
     0 | D:1      | Reached XP level 1. HP: 15/15 MP: 3/3
   194 | D:1      | Reached XP level 2. HP: 20/22 MP: 3/5
   383 | D:1      | Reached XP level 3. HP: 15/28 MP: 0/6
   717 | D:1      | You fall into a shaft and drop 1 floor!
   881 | D:1      | Reached skill level 5 in Poison Magic
  1026 | D:1      | Reached XP level 4. HP: 36/36 MP: 7/7
  1828 | D:3      | Reached XP level 5. HP: 35/42 MP: 5/8
  1963 | D:3      | Found a snail-covered altar of Cheibriados.
  1973 | D:3      | Became a worshipper of Cheibriados the Contemplative
  2254 | D:3      | Reached skill level 6 in Poison Magic
  2426 | D:4      | Reached * piety under Cheibriados
  2443 | D:4      | Noticed Edmund
  2445 | D:4      | Found a sparkling altar of Nemelex Xobeh.
  2445 | D:4      | Found a radiant altar of Vehumet.
  2448 | D:4      | Found a hide-covered altar of Uskayaw.
  2487 | D:4      | Noticed Natasha
  2494 | D:4      | Slain by an adder

Illustrated notes

Levels and vault maps discovered:
D:1:      erik_arrival_orb_chamber, layout_loops_ring, minmay_cupped
D:2:      layout_loops_cross
D:3:      layout_rooms, cheibriados_altar_1
D:4:      kennysheep_kobold_camp, layout_basic, grunt_temple_overflow_open,
          minmay_temple_entry_glassed_door, grunt_ministairs_12,
          kennysheep_generic_room_9, uniq_edmund, uniq_natasha,
          uniq_blork_the_orc, uniq_menkaure

Skill      XL: |  1  2  3  4  5 |
---------------+----------------+-----
Transmutations | 2 3 |  3.5
Poison Magic   | 5 6 |  6.1
Dodging        | |  1.5
Stealth        | |  3.0
Spellcasting   | |  2.9

Action                   |  1- 3 |  4- 6 || total
-------------------------+-------+-------++-------
Melee: Unarmed           |    48 |    48 ||    96
 Cast: Sting             |    28 |    62 ||    90
 Abil: Spit Poison       |    20 |    35 ||    55
  Use: Potion            |       |     2 ||     2
 Stab: Sleeping          |     1 |       ||     1
  Eat: Chunk             |     1 |     6 ||     7
Armor: Robe              |    11 |    19 ||    30
       Skin              |       |     2 ||     2
Dodge: Dodged            |    50 |    49 ||    99
